 Dungeon Crawl Stone Soup version 0.14.2 (webtiles) character file.

291 huddy87 the Shield-Bearer (level 5, 33/33 HPs)
             Began as a Gargoyle Fighter on Apr 29, 2015.
             Starved to death
             ... on Level 3 of the Dungeon.
             The game lasted 00:22:41 (3077 turns).

huddy87 the Shield-Bearer (Gargoyle Fighter)        Turns: 3077, Time: 00:22:41

HP  33/33        AC 11     Str 20      XL: 5   Next: 30%
MP   5/5         EV  6     Int  9      God:
Gold 143         SH 19     Dex  9      Spells:  0 memorised,  4 levels left

rFire  . . .     SeeInvis .     a - +0 war axe
rCold  . . .     Clarity  .     b - +0 scale mail
rNeg   + . .     Conserve .     c - +0 shield
rPois  +         rCorr    .     (no helmet)
rElec  +         rRot     +     (no cloak)
SustAb . .       Spirit   .     (no gloves)
rMut   .         Warding  .     (no boots)
Saprov . . .     Stasis   .     (no amulet)
MR     .....                    (no ring)
                                (no ring)

@: not resistant to hostile enchantments, extremely unstealthy
A: life protection 1, electricity resistance, unbreathing, petrification
resistance, AC +4
a: no special abilities


You were on level 3 of the Dungeon.
You were starving.

You visited 1 branch of the dungeon, and saw 3 of its levels.

You collected 143 gold pieces.

Inventory:

Hand weapons
 a - a +0,+0 war axe (weapon)
 d - a +0,+0 whip
 l - a +0,+0 short sword
 y - a +0,+0 flail
Armour
 b - a +0 scale mail (worn)
 c - a +0 shield (worn)
 n - a +0 ring mail
 q - a +0 robe
 s - a +0 chain mail
 x - a +0 robe
 D - a +0 leather armour
 E - a +0 ring mail
 F - a +0 pair of gloves
Comestibles
 C - a bread ration
Scrolls
 g - 4 scrolls of teleportation {unknown}
 i - 3 scrolls of fear {unknown}
 j - a scroll of fog {unknown}
 k - 2 scrolls of identify {unknown}
 p - 4 scrolls of remove curse {unknown}
 u - a scroll of noise {unknown}
 v - a scroll of amnesia {unknown}
 G - a scroll of enchant weapon II {unknown}
Jewellery
 t - an uncursed ring of positive energy {unknown}
Potions
 e - 2 potions of might
 f - a potion of haste {unknown}
 h - a potion of flight {unknown}
 m - a potion of agility {unknown}
 o - 3 potions of mutation {unknown}
 r - 2 potions of brilliance {unknown}
 w - a potion of curing
 z - 2 potions of restore abilities {unknown}
 A - a potion of cure mutation {unknown}
 B - 2 potions of poison {unknown}
Carrion
 H - a jackal skeleton


   Skills:
 + Level 3.8 Fighting
 + Level 2.5 Axes
 + Level 0.9 Maces & Flails
 + Level 4.1 Armour
 + Level 1.4 Dodging
 + Level 4.2 Shields


You had 4 spell levels left.
You didn't know any spells.

Dungeon Overview and Level Annotations

Branches:
Dungeon (3/15)

Altars:


Innate Abilities, Weirdness & Mutations

You are resistant to torment.
You are immune to poison.
You are immune to rotting.
Your stone body is very resilient (AC +4).
You resist negative energy.
You are resistant to electric shocks.
You can survive without breathing.
You are immune to petrification.


Message History

You block the bat's attack.
You hit the bat.
You kill the bat!
You see here 14 arrows of flame.
You see here an orc skeleton.
Found 23 darts.
Found a cyan potion.
z - 2 cyan potions (gained 1)
You lose consciousness!
You can move again.
Found a scroll labeled PLAF ILLARIR.
You lose consciousness!
You can move again.
You lose consciousness!
You can move again.
G - a scroll labeled PLAF ILLARIR You lose consciousness!
You can move again.
You have starved to death.
You die...

#.# #.#.....##.. #.#
#.#.....#### #.#
#.#.....# #
#.#########.#..#### .
###.........#.#..# ..
#....######.#.#..####...
#.......................
#.....##..#.#.##########
#......@)...#...........
#....##...#.############
####.####....#.########
#....####.>............
#......(..............#
#..#................#.
#...##............##..
#...#.#..........#.#..##
#....#.##......##.#.....


There were no monsters in sight!

Vanquished Creatures
  7 adders
  3 worms
  A giant mite (D:2)
  A giant gecko (D:2)
  An ooze (D:2)
  2 orcs (D:3)
  7 bats
  3 giant cockroaches
  14 goblins
  4 hobgoblins
  3 jackals (D:3)
  3 quokkas
  3 giant newts (D:2)
  4 kobolds
  8 rats
64 creatures vanquished.

Notes
Turn   | Place    | Note
--------------------------------------------------------------
     0 | D:1      | huddy87, the Gargoyle Fighter, began the quest for the Orb.
     0 | D:1      | Reached XP level 1. HP: 14/14 MP: 1/1
   181 | D:1      | Reached XP level 2. HP: 16/19 MP: 2/2
  1000 | D:2      | Reached XP level 3. HP: 15/24 MP: 3/3
  1260 | D:2      | Reached XP level 4. HP: 21/29 MP: 4/4
  1276 | D:2      | Reached skill level 1 in Dodging
  1322 | D:2      | Reached skill level 4 in Armour
  2033 | D:3      | Reached XP level 5. HP: 22/33 MP: 5/5
  3077 | D:3      | Starved to death

Action                   |  1- 3 |  4- 6 || total
-------------------------+-------+-------++-------
Melee: War axe           |   101 |    84 ||   185
       Flail             |       |    56 ||    56
  Use: Potion            |       |     1 ||     1
